 Dungeon Sprint DCSS version 0.16-a0-3926-g4728e1c (webtiles) character file.

65650 BluebellGnoll the Impregnable (level 14, -7/143 HPs)
             Began as a Minotaur Hunter on Feb 5, 2015.
             Was the Champion of Okawaru.
             Killed from afar by Margery (32 damage)
             ... with a bolt of fire
             ... in the Dungeon (Sprint IX: "|||||||||||||||||||||||||||||").
             The game lasted 00:44:56 (3765 turns).

BluebellGnoll the Impregnable (Minotaur Hunter)     Turns: 3765, Time: 00:44:57

Health: -7/143     AC: 41    Str: 25    XL:     14   Next: 76%
Magic:  22/23      EV: 13    Int:  3    God:    Okawaru [******]
Gold:   95         SH:  0    Dex: 12    Spells: 0 memorised, 13 levels left

rFire  + . .     SeeInvis .     s - +6 long sword (freeze)
rCold  . . .     Rnd*Rage +     E - +10 chain mail of Divine Intervention {rElec rPois+ Regen+ rCorr}
rNeg   + . .     SustAb   .     (no shield)
rPois  +         Gourm    .     (helmet restricted)
rElec  +         Spirit   .     D - +3 cloak of Muamel {Regen+ Int+2}
rCorr  +         Warding  .     P - +1 pair of gloves of the Gloaming {+Fly rElec Str+4}
rMut   .         NoTele   +     x - +2 pair of boots {run}
MR     +....                    (no amulet)
Stlth  ..........               v - ring of protection from fire
                                K - ring "Qeoshec" {+Blink rC- rN+ Int-5 Slay+5 Stlth-}

@: exhausted, heroism, very slightly contaminated, hasted and slowed, quick,
somewhat resistant to hostile enchantments, extremely unstealthy
A: retaliatory headbutt, horns 2, icy blue scales 1, berserk 1, blurry vision 1,
breathe flames 1, cold resistance 1, dopey 1, frail 1, electricity resistance,
slow healing 1, spit poison 2, forlorn
a: Spit Poison, Heroism, Finesse, Renounce Religion, Breathe Fire, Evoke Blink,
Evoke Flight


You were in the Dungeon.
You worshipped Okawaru.
Okawaru was exalted by your worship.
You were hungry.

You visited 1 branch You collected 1922 gold pieces.
You spent 1827 gold pieces at shops.

Inventory:

Hand weapons
 p - the +2 scimitar "Shifacza" {drain, MP+9 Str+3 Stlth+}
   (You found it in the Dungeon)

   A truly terrible weapon, it drains the life of those it strikes.
   It affects your strength (+3).
   It affects your magic capacity (+9).
   It makes you more stealthy.
 s - a +6 long sword of freezing (weapon)
Missiles
 b - 13 tomahawks (quivered)
 c - 6 throwing nets
 m - 8 tomahawks of dispersal
 q - 4 javelins of returning
 y - 5 tomahawks of returning
 F - 11 poisoned tomahawks
 R - 7 javelins
 U - 6 silver javelins
 Y - a steel javelin
Armour
 x - a +2 pair of boots of running (worn)
 C - a +2 cloak of poison resistance
 D - the +3 cloak of Muamel (worn) {Regen+ Int+2}
   (You bought it in a shop in the Dungeon)

   It affects your intelligence (+2).
   It increases your rate of regeneration.
 E - the +10 chain mail of Divine Intervention (worn) {rElec rPois+ Regen+ rCorr}
   (You bought it in a shop in the Dungeon)

   It insulates you from electricity.
   It protects you from poison.
   It increases your rate of regeneration.
   It protects you from acid and corrosion.
 P - the +1 pair of gloves of the Gloaming (worn) {+Fly rElec Str+4}
   (Okawaru gifted it to you in the Dungeon)

   It affects your strength (+4).
   It insulates you from electricity.
   It lets you fly.
Jewellery
 l - a +3 ring of intelligence
 v - a ring of protection from fire (right hand)
 K - the ring "Qeoshec" (left hand) {+Blink rC- rN+ Int-5 Slay+5 Stlth-}
   (You bought it in a shop in the Dungeon)

   [ring of loudness]

   It affects your intelligence (-5).
   It affects your accuracy and damage with ranged weapons and melee attacks
   (+5).
   It makes you vulnerable to cold.
   It protects you from negative energy.
   It lets you blink.
   It makes you less stealthy.
 M - an uncursed ring of fire
 N - an uncursed ring of poison resistance
Magical devices
 a - a wand of polymorph (1)
 o - a wand of draining (3)
Scrolls
 j - 6 scrolls of remove curse
 k - a scroll of blinking
 n - 2 scrolls of amnesia
 t - 4 scrolls of enchant armour
 u - 3 scrolls of fog
 w - a scroll of fear
 H - a scroll of identify
Potions
 d - a potion of brilliance
 e - 9 potions of curing
 g - 5 potions of heal wounds
 h - 2 potions of invisibility
 i - 4 potions of magic
 r - 4 potions of restore abilities
 A - a potion of ambrosia
 G - a potion of haste
 I - a potion of mutation
 J - a potion of agility
 O - a potion of resistance
 V - a potion of cure mutation {unknown}
Miscellaneous
 L - a plain deck of summoning {drawn: 1}
Comestibles
 f - 14 bread rations
 z - 13 meat rations
 B - 39 fruits
 S - 27 chunks of flesh


   Skills:
 + Level 24.2(27) Fighting
 - Level 21.3(26.3) Long Blades
 - Level 17.5(22.5) Throwing
 - Level 25.0(27) Armour
 - Level 2.1(7.1) Dodging
 - Level 0.7(5.7) Stealth
 - Level 2.6 Invocations
 - Level 9.4 Evocations


You had 13 spell levels left.
You didn't know any spells.

Dungeon Overview and Level Annotations

Branches:
Dungeon (1/1)

Altars:
Cheibriados
Dithmenos
Elyvilon
Fedhas
Gozag
Kikubaaqudgha
Makhleb
Nemelex Xobeh
Okawaru
Qazlal
Ru
Sif Muna
Trog
Vehumet
Xom
Yredelemnul
Zin
The Shining One
Beogh
Jiyva
Lugonu

Shops:
D %[**

Annotations:
D Margery


Innate Abilities, Weirdness & Mutations

You reflexively headbutt those who attack you in melee.
You have a pair of horns on your head.
You are partially covered in icy blue scales (AC +1).
You tend to lose your temper in combat.
Scrolls take you a little longer to read.
You can breathe flames.
Your flesh is cold resistant.
You are dopey. (Int -2)
You are frail (-10% HP).
You are resistant to electric shocks.
You heal slowly when monsters are visible.
You can spit moderately strong poison.
You have difficulty communicating with the divine.


Message History

You throw a poisoned javelin.
The necromancer throws its arms wide while chanting.
The dead are walking!
The hell knight gestures wildly while chanting.
The hell knight blinks!
A zombie and a skeleton come into view.
You are too injured to fight recklessly!
You are too injured to fight recklessly!
You slash the human zombie! You freeze the human zombie.
You hear some strange, mumbled words.
The bolt of fire hits the human skeleton.
The bolt of fire hits the human zombie.
The bolt of fire hits you! You resist.
* * * LOW HITPOINT WARNING * * *
You hear some strange, mumbled words.
The bolt of fire hits the human skeleton.
The human skeleton is destroyed!
The bolt of fire hits the human zombie.
The human zombie is destroyed!
The bolt of fire hits you! You resist.
You die...

▓.▓▓▓▓▓▓▓▓▓▓▓▓▓▓▓▓
▓.................
▓▓▓▓▓▓▓▓▓▓▓▓▓▓♣♣♣♣
▓............'....
▓.▓▓▓▓▓▓▓▓▓▓▓▓♣♣♣♣
▓.................
▓▓▓▓▓▓▓▓▓▓▓▓▓▓▓▓▓▓
▓)........'.......
▓@▓▓▓▓▓▓▓▓▓▓▓▓▓▓▓▓
▓...(((pp(...
▓▓▓▓▓▓▓▓▓▓▓▓▓


You could see a hell knight and a necromancer.

Vanquished Creatures
  Mennas (D)
  Jory (D)
  Xtahua (D)
  Nikola (D)
  A tengu reaver (D)
  A greater naga (D)
  2 emperor scorpions (D)
  2 frost giants (D)
  2 stone giants (D)
  3 rakshasas (D)
  An ironheart preserver (D)
  3 very ugly things (D)
  2 minotaurs (D)
  A great orb of eyes (D)
  An ice dragon (D)
  Harold (D)
  2 hydras (D)
  2 naga warriors (D)
  3 centaur warriors (D)
  Erica (D)
  6 ogre magi (D)
  A deep troll shaman (D)
  A satyr (D)
  A deep troll earth mage (D)
  A spriggan berserker (D)
  Urug (D)
  An orc high priest (D)
  A shock serpent (D)
  2 deep elf knights (D)
  2 spriggans (D)
  A shadow wraith (D)
  2 hell knights (D)
  7 yaktaurs (D)
  A sea snake (D)
  Erolcha (D)
  A shambling mangrove (D)
  An ironbrand convoker (D)
  A wolf spider (D)
  A necromancer (D)
  An orb spider (D)
  An ugly thing (D)
  8 orc knights (D)
  A cyclops (D)
  4 griffons (D)
  2 guardian serpents (D)
  2 water nymphs (D)
  Maurice (D)
  A vault sentinel (D)
  A black mamba (D)
  A komodo dragon (D)
  4 spiny frogs (D)
  A troll (shapeshifter) (D)
  A jumping spider (D)
  A giant leech (D)
  3 merfolk (D)
  A slime creature (D)
  A baby alligator (shapeshifter) (D)
  2 blink frogs (D)
  A deep elf mage (D)
  A vampire (D)
  A redback (D)
  Eustachio (D)
  A wraith (D)
  Grum (D)
  A deep elf fighter (D)
  2 yaks (D)
  A steam dragon (D)
  A hippogriff (D)
  4 vampire mosquitoes (D)
  3 wolves (D)
  3 water moccasins (D)
  2 nagas (D)
  3 spiders (D)
  18 orc warriors (D)
  A porcupine (D)
  A sky beast (D)
  An eye of draining (shapeshifter) (D)
  A black bear (D)
  2 wasps (D)
  An ogre (D)
  4 crocodiles (D)
  A centaur (D)
  2 giant frogs (D)
  A scorpion (D)
  2 wights (D)
  A crimson imp (D)
  A hound (D)
  A jelly (D)
  6 orc priests (D)
  An iguana (D)
  4 orc wizards (D)
  A worker ant (D)
  4 orcs (D)
  2 bats (D)
  2 bat skeletons (D)
  A goblin (D)
  3 hobgoblins (D)
  A giant cockroach (D)
  A giant newt (D)
  A kobold (D)
  4 quokkas (D)
  A rat (D)
198 creatures vanquished.

Vanquished Creatures (others)
  A human zombie (D)
  A human skeleton (D)
2 creatures vanquished.

Grand Total: 200 creatures vanquished

Notes
Turn   | Place    | Note
--------------------------------------------------------------
     0 | D        | BluebellGnoll, the Minotaur Hunter, began the quest for the Orb.
     0 | D        | Reached XP level 1. HP: 18/18 MP: 1/1
   166 | D        | Noticed a sky beast
   174 | D        | Reached skill level 5 in Fighting
   180 | D        | Killed a sky beast
   180 | D        | Reached skill level 10 in Fighting
   180 | D        | Reached XP level 2. HP: 37/39 MP: 1/1
   180 | D        | Reached XP level 3. HP: 44/46 MP: 2/2
   180 | D        | Reached XP level 4. HP: 50/53 MP: 2/2
   194 | D        | Gained mutation: You are resistant to electric shocks. [mutagenic meat]
   195 | D        | Gained mutation: You tend to lose your temper in combat. [mutagenic meat]
   196 | D        | Gained mutation: Scrolls take you a little longer to read. [mutagenic meat]
   202 | D        | Found a glowing silver altar of Zin.
   202 | D        | Found a glowing golden altar of the Shining One.
   202 | D        | Found an ancient bone altar of Kikubaaqudgha.
   202 | D        | Found a basalt altar of Yredelemnul.
   202 | D        | Found a shimmering altar of Xom.
   202 | D        | Found a radiant altar of Vehumet.
   202 | D        | Found an iron altar of Okawaru.
   203 | D        | Found a burning altar of Makhleb.
   204 | D        | Found a deep blue altar of Sif Muna.
   205 | D        | Found a bloodstained altar of Trog.
   206 | D        | Found a sparkling altar of Nemelex Xobeh.
   207 | D        | Found a white marble altar of Elyvilon.
   208 | D        | Found a roughly hewn altar of Beogh.
   209 | D        | Found a viscous altar of Jiyva.
   210 | D        | Found a corrupted altar of Lugonu.
   211 | D        | Became a worshipper of Warmaster Okawaru
   212 | D        | Found a blossoming altar of Fedhas.
   213 | D        | Found a snail-covered altar of Cheibriados.
   214 | D        | Found a shadowy altar of Dithmenos.
   215 | D        | Found a stormy altar of Qazlal.
   216 | D        | Found an opulent altar of Gozag.
   217 | D        | Found a sacrificial altar of Ru.
   235 | D        | Got the +2 scimitar "Shifacza" {drain, MP+9 Str+3 Stlth+}
   313 | D        | Noticed a jelly
   313 | D        | Noticed a hippogriff
   313 | D        | Noticed an ogre
   314 | D        | Killed a jelly
   315 | D        | Killed an ogre
   315 | D        | Reached XP level 5. HP: 36/59 MP: 2/2
   319 | D        | Killed a hippogriff
   319 | D        | Acquired Okawaru's first power
   319 | D        | Reached skill level 11 in Long Blades
   319 | D        | Reached XP level 6. HP: 42/67 MP: 3/3
   439 | D        | Noticed a cyclops
   439 | D        | Noticed a centaur warrior
   439 | D        | Noticed a worker ant
   439 | D        | Noticed a yak
   439 | D        | Noticed a wight
   440 | D        | Killed a wight
   443 | D        | Killed a yak
   443 | D        | Reached skill level 12 in Fighting
   445 | D        | Killed a worker ant
   445 | D        | Reached XP level 7. HP: 73/77 MP: 8/8
   452 | D        | Killed a centaur warrior
   452 | D        | Reached skill level 14 in Fighting
   452 | D        | Reached XP level 8. HP: 54/90 MP: 12/14
   456 | D        | Killed a cyclops
   456 | D        | Reached skill level 15 in Fighting
   857 | D        | Noticed a spiny frog
   857 | D        | Noticed a wolf
   857 | D        | Noticed a crocodile
   857 | D        | Noticed a hound
   857 | D        | Noticed a komodo dragon
   857 | D        | Noticed a crocodile
   859 | D        | Killed a hound
   859 | D        | Reached skill level 1 in Armour
   860 | D        | Killed a crocodile
   864 | D        | Noticed a black bear
   865 | D        | Killed a komodo dragon
   865 | D        | Reached skill level 5 in Armour
   867 | D        | Killed a crocodile
   867 | D        | Reached XP level 9. HP: 88/97 MP: 18/18
   875 | D        | Killed a wolf
   886 | D        | Killed a spiny frog
   889 | D        | Killed a black bear
  1064 | D        | Noticed a giant frog
  1064 | D        | Noticed a yak
  1064 | D        | Noticed a steam dragon
  1064 | D        | Noticed a spiny frog
  1064 | D        | Noticed a crocodile
  1064 | D        | Noticed an iguana
  1068 | D        | Noticed a porcupine
  1069 | D        | Killed an iguana
  1071 | D        | Noticed a water moccasin
  1073 | D        | Killed a crocodile
  1078 | D        | Killed a spiny frog
  1078 | D        | Reached skill level 16 in Fighting
  1080 | D        | Killed a steam dragon
  1085 | D        | Killed a yak
  1085 | D        | Reached skill level 17 in Fighting
  1088 | D        | Killed a giant frog
  1089 | D        | Killed a porcupine
  1094 | D        | Killed a water moccasin
  1268 | D        | Noticed a vampire mosquito
  1268 | D        | Noticed a blink frog
  1268 | D        | Noticed a vampire mosquito
  1268 | D        | Noticed a spiny frog
  1268 | D        | Noticed a spiny frog
  1268 | D        | Noticed a giant frog
  1268 | D        | Noticed a giant leech
  1279 | D        | Noticed a blink frog
  1279 | D        | Killed a giant leech
  1279 | D        | Received a gift from Okawaru
  1283 | D        | Killed a spiny frog
  1283 | D        | Reached XP level 10. HP: 54/111 MP: 18/18
  1287 | D        | Killed a spiny frog
  1287 | D        | Reached skill level 15 in Long Blades
  1288 | D        | Killed a giant frog
  1292 | D        | Killed a vampire mosquito
  1296 | D        | Killed a vampire mosquito
  1301 | D        | Killed a blink frog
  1302 | D        | Killed a blink frog
  1468 | D        | Noticed Erolcha
  1475 | D        | Killed Erolcha
  1475 | D        | Acquired Okawaru's second power
  1475 | D        | Received a gift from Okawaru
  1501 | D        | Noticed Eustachio
  1506 | D        | Killed Eustachio
  1584 | D        | Noticed an orc wizard
  1584 | D        | Noticed an orc wizard
  1584 | D        | Noticed an orc priest
  1584 | D        | Noticed an orc priest
  1584 | D        | Noticed an orc priest
  1587 | D        | Killed an orc priest
  1590 | D        | Killed an orc priest
  1591 | D        | Noticed an orc priest
  1593 | D        | Noticed an orc wizard
  1596 | D        | Killed an orc priest
  1597 | D        | Killed an orc wizard
  1600 | D        | Killed an orc wizard
  1602 | D        | Noticed an orc wizard
  1605 | D        | Killed an orc priest
  1606 | D        | Killed an orc wizard
  1610 | D        | Killed an orc wizard
  1611 | D        | Noticed an orc priest
  1612 | D        | Noticed an orc priest
  1616 | D        | Killed an orc priest
  1619 | D        | Killed an orc priest
  1619 | D        | Reached skill level 18 in Fighting
  1665 | D        | Noticed an orc warrior
  1665 | D        | Noticed an orc knight
  1665 | D        | Noticed an orc warrior
  1665 | D        | Noticed an orc warrior
  1665 | D        | Noticed an orc warrior
  1665 | D        | Noticed an orc warrior
  1665 | D        | Noticed an orc warrior
  1667 | D        | Killed an orc warrior
  1669 | D        | Noticed an orc high priest
  1675 | D        | Killed an orc warrior
  1681 | D        | Killed an orc warrior
  1699 | D        | Killed an orc knight
  1704 | D        | Killed an orc warrior
  1713 | D        | Killed an orc warrior
  1719 | D        | Killed an orc warrior
  1723 | D        | Killed an orc high priest
  1723 | D        | Received a gift from Okawaru
  1723 | D        | Reached skill level 10 in Throwing
  1744 | D        | Noticed an orc warrior
  1746 | D        | Killed an orc warrior
  1751 | D        | Noticed an orc knight
  1758 | D        | Killed an orc knight
  1758 | D        | Received a gift from Okawaru
  1758 | D        | Reached XP level 11. HP: 96/119 MP: 20/20
  1765 | D        | Identified a +1 pair of boots of running (Okawaru gifted it to you in the Dungeon)
  1796 | D        | Noticed an orc warrior
  1807 | D        | Killed an orc warrior
  1841 | D        | Noticed an orc warrior
  1846 | D        | Killed an orc warrior
  1889 | D        | Found Jeceriynoz's Assorted Antiques.
  1889 | D        | Noticed an orc knight
  1889 | D        | Noticed an orc warrior
  1889 | D        | Noticed an orc warrior
  1889 | D        | Noticed an orc knight
  1889 | D        | Noticed an orc warrior
  1889 | D        | Noticed an orc warrior
  1892 | D        | Noticed an orc warrior
  1892 | D        | Killed an orc warrior
  1894 | D        | Found Sufaw's General Store.
  1895 | D        | Noticed an orc warrior
  1898 | D        | Killed an orc knight
  1910 | D        | Killed an orc knight
  1911 | D        | Noticed an orc warrior
  1913 | D        | Killed an orc warrior
  1913 | D        | Reached skill level 19 in Fighting
  1914 | D        | Found Qiulic's Antique Armour Boutique.
  1915 | D        | Killed an orc warrior
  1916 | D        | Killed an orc warrior
  1921 | D        | Killed an orc warrior
  1922 | D        | Found Catoag's Food Shop.
  1925 | D        | Killed an orc warrior
  1926 | D        | Noticed an orc warrior
  1931 | D        | Killed an orc warrior
  1932 | D        | Noticed an orc knight
  1934 | D        | Killed an orc warrior
  1935 | D        | Noticed an orc knight
  1937 | D        | Noticed an orc warrior
  1952 | D        | Killed an orc knight
  1972 | D        | Killed an orc knight
  1972 | D        | Reached skill level 20 in Fighting
  1975 | D        | Killed an orc warrior
  2234 | D        | Bought a spiked cloak for 180 gold pieces
  2234 | D        | Bought a distressingly furry chain mail for 180 gold pieces
  2234 | D        | Bought a pair of runed gloves for 85 gold pieces
  2244 | D        | Bought a potion of haste for 140 gold pieces
  2246 | D        | Bought a scroll labeled XISEUR CUHALUT for 28 gold pieces
  2246 | D        | Bought a coppery potion for 25 gold pieces
  2246 | D        | Bought a pink potion for 25 gold pieces
  2246 | D        | Bought a potion of restore abilities for 140 gold pieces
  2252 | D        | Bought a scroll of remove curse for 42 gold pieces
  2252 | D        | Bought a scroll of identify for 28 gold pieces
  2252 | D        | Bought a bread ration for 70 gold pieces
  2252 | D        | Bought the ring "Qeoshec" {+Blink rC- rN+ Int-5 Slay+5 Stlth-} for 408 gold pieces
  2252 | D        | Bought a plain deck of summoning for 196 gold pieces
  2254 | D        | Bought a scroll of fog for 56 gold pieces
  2254 | D        | Bought a potion of invisibility for 224 gold pieces
  2274 | D        | Identified the +3 cloak of Muamel {Regen+ Int+2} (You bought it in a shop in the Dungeon)
  2284 | D        | Identified the +10 chain mail of Divine Intervention {rElec rPois+ Regen+ rCorr} (You bought it in a shop in the Dungeon)
  2316 | D        | Noticed Urug
  2402 | D        | Killed Urug
  2402 | D        | Reached skill level 10 in Armour
  2449 | D        | Noticed Harold
  2453 | D        | Noticed Grum
  2454 | D        | Noticed a wolf
  2455 | D        | Noticed a wolf
  2468 | D        | Killed Harold
  2473 | D        | Killed Grum
  2474 | D        | Killed a wolf
  2479 | D        | Killed a wolf
  2592 | D        | Noticed a centaur
  2592 | D        | Noticed an eight-headed hydra
  2592 | D        | Noticed a vampire mosquito
  2592 | D        | Noticed a crimson imp
  2592 | D        | Noticed a wight
  2592 | D        | Noticed a centaur warrior
  2593 | D        | Noticed a deep elf mage
  2596 | D        | Killed a centaur warrior
  2598 | D        | Killed a wight
  2599 | D        | Killed a crimson imp
  2600 | D        | Killed a centaur
  2601 | D        | Killed a vampire mosquito
  2603 | D        | Noticed a frost giant
  2604 | D        | Killed an eight-headed hydra
  2606 | D        | Noticed a stone giant
  2608 | D        | Killed a deep elf mage
  2609 | D        | Noticed an ogre mage
  2610 | D        | Noticed a yaktaur
  2614 | D        | Noticed a rakshasa
  2614 | D        | Killed a frost giant
  2614 | D        | Received a gift from Okawaru
  2621 | D        | Killed a stone giant
  2621 | D        | Received a gift from Okawaru
  2621 | D        | Received a gift from Okawaru
  2621 | D        | Reached XP level 12. HP: 84/134 MP: 21/21
  2622 | D        | Got a pair of faintly glowing gloves {god gift}
  2630 | D        | Killed a yaktaur
  2633 | D        | Killed a yaktaur
  2637 | D        | Killed a yaktaur
  2664 | D        | Killed a rakshasa
  2671 | D        | Killed an ogre mage
  2675 | D        | Killed a rakshasa
  2677 | D        | Killed an ogre mage
  2681 | D        | Killed a rakshasa
  2697 | D        | Noticed a brown very ugly thing
  2698 | D        | Noticed a vampire
  2701 | D        | Killed a vampire
  2709 | D        | Killed a brown very ugly thing
  2709 | D        | Reached skill level 21 in Long Blades
  2721 | D        | Identified the +1 pair of gloves of the Gloaming {+Fly rElec Str+4} (Okawaru gifted it to you in the Dungeon)
  2761 | D        | Noticed Maurice
  2770 | D        | Killed Maurice
  2865 | D        | Noticed a greater naga
  2865 | D        | Noticed a shock serpent
  2865 | D        | Noticed a naga
  2865 | D        | Noticed a black mamba
  2865 | D        | Noticed a naga
  2865 | D        | Noticed a guardian serpent
  2865 | D        | Noticed a guardian serpent
  2867 | D        | Killed a guardian serpent
  2867 | D        | Killed a shock serpent
  2869 | D        | Killed a guardian serpent
  2870 | D        | Noticed a naga warrior
  2872 | D        | Noticed a naga warrior
  2873 | D        | Killed a naga
  2877 | D        | Killed a black mamba
  2884 | D        | Killed a greater naga
  2894 | D        | Killed a naga warrior
  2906 | D        | Killed a naga warrior
  2909 | D        | Killed a naga
  2935 | D        | Gained mutation: You are clumsy. (Dex -2) [mutagenic meat]
  2938 | D        | Lost mutation: You are clumsy. (Dex -2) [mutagenic meat]
  2939 | D        | Gained mutation: Your flesh is cold resistant. [mutagenic meat]
  3068 | D        | Noticed a griffon
  3068 | D        | Noticed a satyr
  3068 | D        | Noticed a merfolk
  3068 | D        | Noticed a sea snake
  3068 | D        | Noticed a merfolk
  3068 | D        | Noticed a merfolk
  3068 | D        | Noticed a griffon
  3071 | D        | Killed a griffon
  3072 | D        | Noticed a water nymph
  3073 | D        | Noticed a water nymph
  3075 | D        | Killed a merfolk
  3079 | D        | Killed a merfolk
  3083 | D        | Killed a sea snake
  3083 | D        | Reached skill level 15 in Throwing
  3088 | D        | Killed a water nymph
  3092 | D        | Killed a merfolk
  3097 | D        | Killed a satyr
  3098 | D        | Killed a griffon
  3101 | D        | Killed a water nymph
  3101 | D        | Received a gift from Okawaru
  3101 | D        | Reached XP level 13. HP: 110/141 MP: 18/22
  3149 | D        | Noticed a jumping spider
  3149 | D        | Noticed a spider
  3149 | D        | Noticed a wolf spider
  3149 | D        | Noticed a spider
  3149 | D        | Noticed an orb spider
  3149 | D        | Noticed an emperor scorpion
  3149 | D        | Noticed a spider
  3150 | D        | Noticed a redback
  3151 | D        | Killed a jumping spider
  3153 | D        | Killed a spider
  3155 | D        | Killed a spider
  3155 | D        | Killed a spider
  3155 | D        | Killed a redback
  3156 | D        | Killed an orb spider
  3159 | D        | Noticed a scorpion
  3167 | D        | Killed an emperor scorpion
  3167 | D        | Received a gift from Okawaru
  3171 | D        | Killed a wolf spider
  3173 | D        | Killed a scorpion
  3227 | D        | Noticed a spriggan rider
  3227 | D        | Noticed a water moccasin
  3227 | D        | Noticed a shambling mangrove
  3227 | D        | Noticed a spriggan rider
  3227 | D        | Noticed a crocodile
  3227 | D        | Noticed a five-headed hydra
  3227 | D        | Noticed a vampire mosquito
  3228 | D        | Killed a vampire mosquito
  3232 | D        | Noticed a water moccasin
  3232 | D        | Killed a five-headed hydra
  3233 | D        | Killed a crocodile
  3234 | D        | Noticed a red very ugly thing
  3236 | D        | Killed a spriggan rider
  3236 | D        | Killed a wasp
  3238 | D        | Killed a water moccasin
  3238 | D        | Killed a spriggan rider
  3238 | D        | Received a gift from Okawaru
  3238 | D        | Killed a wasp
  3238 | D        | Killed a water moccasin
  3239 | D        | Killed a shambling mangrove
  3239 | D        | Killed a red very ugly thing
  3239 | D        | Reached skill level 15 in Armour
  3261 | D        | Gained mutation: You can breathe flames. [mutagenic meat]
  3262 | D        | Gained mutation: Armour fits poorly on your strangely shaped body. [mutagenic meat]
  3263 | D        | Gained mutation: You can spit poison. [mutagenic meat]
  3321 | D        | Noticed Erica
  3323 | D        | Killed Erica
  3380 | D        | Noticed a minotaur
  3380 | D        | Noticed a deep troll shaman
  3380 | D        | Noticed a white ugly thing
  3380 | D        | Noticed a spriggan berserker
  3380 | D        | Noticed an ogre mage
  3380 | D        | Noticed a deep troll earth mage
  3380 | D        | Noticed an emperor scorpion
  3382 | D        | Killed a deep troll earth mage
  3383 | D        | Killed an ogre mage
  3383 | D        | Killed a spriggan berserker
  3383 | D        | Killed a white ugly thing
  3383 | D        | Killed a minotaur
  3383 | D        | Received a gift from Okawaru
  3385 | D        | Noticed a minotaur
  3387 | D        | Noticed a tengu reaver
  3389 | D        | Noticed a yaktaur
  3391 | D        | Noticed an ice dragon
  3391 | D        | Killed a deep troll shaman
  3391 | D        | Killed a yaktaur
  3392 | D        | Killed an emperor scorpion
  3392 | D        | Received a gift from Okawaru
  3392 | D        | Killed a tengu reaver
  3407 | D        | Killed a minotaur
  3408 | D        | Killed an ice dragon
  3436 | D        | Got a distressingly furry plate armour {god gift}
  3443 | D        | Noticed a frost giant
  3446 | D        | Noticed a slime creature
  3451 | D        | Killed a frost giant
  3452 | D        | Noticed an ogre mage
  3453 | D        | Noticed an ogre mage
  3454 | D        | Killed a slime creature
  3457 | D        | Noticed a green very ugly thing
  3459 | D        | Killed an ogre mage
  3461 | D        | Killed an ogre mage
  3468 | D        | Killed a green very ugly thing
  3468 | D        | Reached XP level 14. HP: 87/149 MP: 23/23
  3485 | D        | Noticed a hell knight
  3487 | D        | Noticed a great orb of eyes
  3490 | D        | Killed a hell knight
  3502 | D        | Killed a great orb of eyes
  3502 | D        | Reached skill level 22 in Armour
  3525 | D        | Gained mutation: You are frail (-10% HP). [mutagenic meat]
  3527 | D        | Gained mutation: You are partially covered in icy blue scales (AC +1). [mutagenic meat]
  3528 | D        | Gained mutation: You have difficulty communicating with the divine. [mutagenic meat]
  3539 | D        | Identified the -8 plate armour of the Duchess {rElec rPois+ rC+ Dex-4} (Okawaru gifted it to you in the Dungeon)
  3557 | D        | Noticed a griffon
  3557 | D        | Noticed a yaktaur
  3557 | D        | Noticed an eye of draining
  3557 | D        | Noticed a wraith
  3557 | D        | Noticed a deep elf knight
  3557 | D        | Noticed a baby alligator
  3559 | D        | Killed a baby alligator
  3562 | D        | Noticed a deep elf knight
  3562 | D        | Killed a deep elf knight
  3563 | D        | Noticed a yaktaur
  3567 | D        | Killed a wraith
  3569 | D        | Noticed an ogre mage
  3571 | D        | Killed an eye of draining
  3574 | D        | Noticed an ironheart preserver
  3575 | D        | Killed a shadow wraith
  3577 | D        | Noticed an orc knight
  3580 | D        | Noticed a centaur warrior
  3580 | D        | Killed a yaktaur
  3582 | D        | Killed a griffon
  3589 | D        | Killed a deep elf knight
  3589 | D        | Reached skill level 23 in Armour
  3592 | D        | Noticed an ironbrand convoker
  3593 | D        | Killed a yaktaur
  3595 | D        | Noticed a deep elf fighter
  3596 | D        | Noticed a yaktaur
  3599 | D        | Killed an ironheart preserver
  3599 | D        | Received a gift from Okawaru
  3601 | D        | Noticed a vault sentinel
  3601 | D        | Killed an ogre mage
  3601 | D        | Killed an orc knight
  3601 | D        | Killed a centaur warrior
  3601 | D        | Reached skill level 24 in Armour
  3601 | D        | Killed an ironbrand convoker
  3601 | D        | Killed a deep elf fighter
  3602 | D        | Killed a yaktaur
  3605 | D        | Killed a vault sentinel
  3621 | D        | Noticed a stone giant
  3624 | D        | Killed a stone giant
  3624 | D        | Received a gift from Okawaru
  3626 | D        | Gained mutation: You heal slowly when monsters are visible. [mutagenic meat]
  3627 | D        | Lost mutation: Armour fits poorly on your strangely shaped body. [mutagenic meat]
  3629 | D        | Gained mutation: You can spit moderately strong poison. [mutagenic meat]
  3639 | D        | Noticed a griffon
  3642 | D        | Killed a griffon
  3656 | D        | Noticed an orc knight
  3665 | D        | Killed an orc knight
  3665 | D        | Reached skill level 25 in Armour
  3689 | D        | Gained mutation: You are dopey. (Int -2) [mutagenic meat]
  3705 | D        | Noticed Mennas
  3705 | D        | Noticed Nikola
  3705 | D        | Noticed Jory
  3714 | D        | Killed Jory
  3714 | D        | Received a gift from Okawaru
  3736 | D        | Killed Mennas
  3738 | D        | Noticed Xtahua
  3740 | D        | Noticed a necromancer
  3741 | D        | Noticed a hell knight
  3743 | D        | Noticed a hell knight
  3743 | D        | Killed Nikola
  3744 | D        | Noticed Margery
  3748 | D        | Killed a necromancer
  3748 | D        | Received a gift from Okawaru
  3749 | D        | Noticed a hell knight
  3752 | D        | Noticed a necromancer
  3753 | D        | Killed Xtahua
  3758 | D        | Killed a hell knight
  3765 | D        | Killed from afar by Margery

Action                   |  1- 3 |  4- 6 |  7- 9 | 10-12 | 13-15 || total
-------------------------+-------+-------+-------+-------+-------++-------
Melee: Club              |    10 |     3 |       |       |       ||    13
       Short sword       |     8 |       |       |       |       ||     8
       Scimitar          |       |    12 |     9 |       |       ||    21
       Long sword        |       |       |    74 |   262 |   101 ||   437
       Unarmed           |       |       |       |     6 |       ||     6
Throw: Javelin           |     2 |       |     2 |    50 |    99 ||   153
       Tomahawk          |       |       |       |    54 |     1 ||    55
       Throwing net      |       |       |       |     2 |       ||     2
Invok: Heroism           |       |     1 |     3 |     6 |     5 ||    15
       Finesse           |       |       |       |     1 |     1 ||     2
Evoke: Wand              |       |     2 |     1 |     1 |       ||     4
       Deck              |       |       |       |     1 |       ||     1
  Use: Potion            |     2 |       |       |     1 |     1 ||     4
       Scroll            |       |       |     2 |     6 |       ||     8
 Stab: Confused          |       |       |       |     1 |       ||     1
       Held in net/web   |       |       |       |     1 |       ||     1
  Eat: Chunk             |       |     3 |     2 |    14 |    18 ||    37
       Fruit             |       |       |       |     1 |       ||     1
